 Dungeon Crawl Stone Soup version 0.27-a0-1595-g0b823d0a13 (webtiles) character file.

Game seed: 15732427860631141977

149 HAL9000 the Sneak (level 5, 0/26 HPs)
             Began as a Vine Stalker Brigand on July 20, 2021.
             Slain by a gnoll (6 damage)
             ... on level 5 of the Dungeon.
             The game lasted 00:03:58 (2648 turns).

HAL9000 the Sneak (Vine Stalker Brigand)            Turns: 2648, Time: 00:03:59

Health: 0/26       AC:  3    Str: 14    XL:     5   Next: 31%
Magic:  0/6        EV: 11    Int: 11    God:
Gold:   166        SH:  0    Dex: 16    Spells: 4/4 levels left

rFire    . . .     SeeInvis .   a - +2 dagger
rCold    . . .     Faith    .   (no shield)
rNeg     . . .     Spirit   +   b - +0 robe
rPois    .         Reflect  .   (no helmet)
rElec    .         Harm     .   c - +0 cloak
rCorr    .         Rampage  .   (no gloves)
Will     .....                  (no boots)
Stlth    +++.......             (no amulet)
HPRegen  1.08/turn              (no ring)
MPRegen  0.10/turn              (no ring)

@: no status effects
A: fangs 2, regeneration 1, magic shield, antimagic bite, no potion heal 2
a: no special abilities


You were on level 5 of the Dungeon.
You visited 1 branch of the dungeon, and saw 5 of its levels.

You collected 166 gold pieces.

Inventory:

Hand Weapons
 a - a +2 dagger (weapon)
Missiles
 d - 10 poisoned darts (quivered)
 e - 2 curare-tipped darts
Armour
 b - a +0 robe (worn)
 c - a +0 cloak (worn)
Scrolls
 g - a scroll of acquirement {unknown}
 j - 2 scrolls of identify {unknown}
 k - a scroll of teleportation {unknown}
 l - 2 scrolls of immolation {unknown}
 m - a scroll of fog {unknown}
 o - a scroll of vulnerability {unknown}
 r - a scroll of silence {unknown}
Potions
 f - a potion of resistance {unknown}
 h - 2 potions of magic {unknown}
 i - 2 potions of haste {unknown}
 n - a potion of might {unknown}
 p - 2 potions of curing {unknown}
 q - a potion of lignification {unknown}


   Skills:
 - Level 1.7 Fighting
 + Level 2.0 Short Blades
 - Level 4.0 Throwing
 - Level 0.7 Dodging
 + Level 6.1 Stealth


You had 4 spell levels left.
You didn't know any spells.
Your spell library contained the following spells:

 Spells                   Type           Power      Damage    Failure   Level
 Ozocubu's Armour         Ice            0%         N/A       71%         3
 Metabolic Englaciation   Hex/Ice        0%         N/A       100%        5
 Simulacrum               Ice/Necr       0%         N/A       100%        6


Dungeon Overview and Level Annotations

Branches:
Dungeon (6/15)
 Temple: D:4-7

Altars:

Shops:
D:2 *


Innate Abilities, Weirdness & Mutations

You have extremely sharp teeth.
Your natural rate of healing is unusually fast.
When hurt, damage is shared between your health and your magic reserves.
Your bite disrupts and absorbs the magic of your enemies.
Potions cannot restore your health.


Message History

Your Short Blades skill increases to level 2!
Your Stealth skill increases to level 6!
You have reached level 5!
d - 9 poisoned darts (gained 3)
You see here a howler monkey corpse.
d - 10 poisoned darts (gained 1)
You see here a howler monkey corpse.
You start resting.
Magic restored.
p - 2 sedimented sapphire potions (gained 1)
You now have 149 gold pieces (gained 10).
Found a stone staircase leading up.
Found 17 gold pieces.
You now have 166 gold pieces (gained 17).
Found a murky red potion and a scroll labelled MOOGUW JAZOMIPU.
j - 2 scrolls labelled MOOGUW JAZOMIPU (gained 1)
h - 2 murky red potions (gained 1)
Found a stone staircase leading down and a stone staircase leading up.
A kobold brigand comes into view.
It is wielding a +0 dagger and quivering poisoned darts.
There is a stone staircase leading up here.
You climb upwards.
The gnoll shouts! x3
There is a stone staircase leading down here.
Unknown command.
The gnoll closely misses you.
The gnoll throws a throwing net.
The throwing net hits you.
You become entangled in the net!
You stop descending the stairs.
Unknown command.
Unknown command.
You struggle against the net.
The gnoll hits you from afar with a +0 halberd!
You struggle against the net.
The gnoll barely misses you.
The gnoll hits you from afar with a +0 halberd.
You struggle against the net.
The gnoll hits you with a +0 flail.
The gnoll hits you from afar with a +0 halberd.
You rip the net and break free!
The gnoll closely misses you. x2
The gnoll hits you with a +0 flail!
* * * LOW HITPOINT WARNING * * *
The gnoll hits you from afar with a +0 halberd!
You die...

### ..
###..## #. .
##.....###.
..
##.........
.. #.........
.#
.........#..#
............#
......g@...#
....ggg....#
##......#.##
##########


You could see 4 gnolls.

Vanquished Creatures
  A howler monkey (D:6)
  3 adders
  An adder skeleton (D:2)
  2 worms (D:2)
  A dart slug (D:1)
  2 endoplasms
  5 giant cockroaches
  5 goblins
  9 hobgoblins
  5 jackals (D:2)
  7 kobolds
  3 quokkas
  7 ball pythons
  4 bats
  4 frilled lizards
  11 rats
70 creatures vanquished.

Notes
Turn   | Place    | Note
-------+----------+-------------------------------------------
     0 | D:1      | HAL9000 the Vine Stalker Brigand began the quest for the
                  | Orb.
     0 | D:1      | Reached XP level 1. HP: 11/11 MP: 2/2
    60 | D:1      | Found a faded altar of an unknown god.
   432 | D:1      | Reached XP level 2. HP: 10/15 MP: 3/3
   929 | D:1      | Reached XP level 3. HP: 18/18 MP: 4/4
  1311 | D:2      | Found Xaicaed's Assorted Antiques.
  1660 | D:2      | Gained mutation: Your natural rate of healing is unusually
                  | fast. [Vine Stalker growth]
  1660 | D:2      | Reached XP level 4. HP: 23/23 MP: 5/5
  1891 | D:2      | Reached skill level 5 in Stealth
  2488 | D:3      | You fall into a shaft and drop 3 floors!
  2530 | D:6      | Reached skill level 6 in Stealth
  2530 | D:6      | Reached XP level 5. HP: 20/26 MP: 4/6
  2634 | D:6      | Noticed a kobold brigand
  2642 | D:5      | Entered Level 5 of the Dungeon
  2648 | D:5      | Slain by a gnoll

Illustrated notes

Levels and vault maps discovered:
D:1:      dpeg_arrival_pond, layout_basic, shapermc_ecumenical_altar_acropolis
D:2:      layout_loops_ring, serial_shops, shop, minmay_small_reverse_x
D:3:      layout_basic
D:5:      layout_cave_pods, mainiacjoe_overflow_catwalk,
          nicolae_wooded_promenade, dk_rats_in_the_wall
D:6:      layout_layer_cave, uniq_sigmund, uniq_prince_ribbit1

Skill      XL: |  1  2  3  4 |
---------------+-------------+-----
Throwing       | 2 3 4 |  4.0
Stealth        | 6 |  6.1
Short Blades   | 2 |  2.0
Fighting       | |  1.7
Dodging        | |  0.7

Action                   |  1- 3 |  4- 6 || total
-------------------------+-------+-------++-------
Melee: Dagger            |    79 |    77 ||   156
       Bite              |    13 |    21 ||    34
Throw: Dart              |     8 |    26 ||    34
 Stab: Sleeping          |    14 |     4 ||    18
Armor: Robe              |    10 |    19 ||    29
Dodge: Dodged            |    30 |    39 ||    69

Table legend: (Time is in decaauts)
 A = Elapsed time spent in this place.
 B = Non-inter-level travel time spent in this place.
 C = Inter-level travel time spent in this place.
 D = Time resting spent in this place.
 E = Time spent auto-exploring this place.
 F = Levels seen in this place.
 G = Mean time per level.
                   A        B        C        D        E       F      G
               +--------+--------+--------+--------+--------+-----+--------+
         Total |   2626 |   2584 |     42 |    169 |   1983 |   5 |  525.2 |
       Dungeon |   2626 |   2584 |     42 |    169 |   1983 |   5 |  525.2 |
               +--------+--------+--------+--------+--------+-----+--------+

Top non-repeatable levels by time:
     D:1: 1305 daAuts
     D:2: 826 daAuts
     D:3: 337 daAuts
     D:6: 151 daAuts
     D:5: 5 daAuts
